 Dungeon Crawl Stone Soup version 0.27-a0-29-g2d0a2396b0 (webtiles) character file.

Game seed: 18415028734441527667

394 pkoi the Insei (level 6, -2/51 HPs)
             Began as a Draconian Monk on Jan 4, 2021.
             Slain by Grinder (3 damage)
             ... on level 3 of the Dungeon.
             The game lasted 00:02:53 (3419 turns).

pkoi the Insei (Draconian Monk)                     Turns: 3419, Time: 00:02:54

Health: -2/51      AC:  6    Str: 13    XL:     6   Next: 51%
Magic:  6/6        EV: 13    Int: 13    God:
Gold:   166        SH:  0    Dex: 13    Spells: 5/5 levels left

rFire    . . .     SeeInvis .   g - +2 dagger (venom)
rCold    . . .     Faith    .   (no shield)
rNeg     . . .     Spirit   .   (armour unavailable)
rPois    .         Reflect  .   (helmet restricted)
rElec    .         Harm     .   (no cloak)
rCorr    .         Rampage  .   (no gloves)
Will     .....                  (no boots)
Stlth    ++........             (no amulet)
HPRegen  0.17/turn              (no ring)
MPRegen  0.10/turn              (no ring)

@: no status effects
A: unfitting armour, cold-blooded, AC +6
a: no special abilities


You were on level 3 of the Dungeon.
You visited 1 branch of the dungeon, and saw 4 of its levels.

You collected 166 gold pieces.

Inventory:

Hand Weapons
 g - a +2 dagger of venom (weapon)
Missiles
 c - 23 poisoned darts (quivered)
Jewellery
 h - an uncursed ring of flight {unknown}
Wands
 i - a wand of polymorph (12)
Scrolls
 a - 2 scrolls of fear
 b - 5 scrolls of identify
 l - a scroll of remove curse
Potions
 d - a potion of brilliance {unknown}
 e - a potion of cancellation {unknown}
 f - a potion of heal wounds
 j - a potion of lignification {unknown}
 k - a potion of mutation {unknown}
 m - a potion of flight {unknown}
 n - a potion of invisibility {unknown}


   Skills:
 - Level 3.2 Fighting
 - Level 2.6 Dodging
 - Level 1.7 Stealth
 + Level 7.4 Unarmed Combat


You had 5 spell levels left.
You didn't know any spells.
Your spell library was empty.

Dungeon Overview and Level Annotations

Branches:
Dungeon (4/15)
 Temple: D:4-7

Altars:
Nemelex Xobeh
Yredelemnul

Annotations:
D:3 Grinder


Innate Abilities, Weirdness & Mutations

Your plain brown scales are hard. (AC +6)
You cannot fit into any form of body armour.
You are cold-blooded and may be slowed by cold attacks.


Message History

You hit Grinder but do no damage.
Grinder looks even sicker.
Grinder is heavily wounded.
Grinder hits you.
* * * LOW HITPOINT WARNING * * *
You writhe in agony.
* * * LOW HITPOINT WARNING * * *
You hit Grinder.
Grinder is heavily wounded.
Grinder barely misses you.
You barely miss Grinder.
Grinder is heavily wounded.
Grinder barely misses you.
Unknown command.
You hit Grinder but do no damage.
Grinder looks as sick as possible!
You tail-slap Grinder.
Grinder is severely wounded.
Grinder hits you!
* * * LOW HITPOINT WARNING * * *
You writhe in agony.
You die...

...........###########......†....
..########## ##### ##..........
..# ##...## ##....<.... ..#
##.....############## ..#
#.......#.........# ..#
#......^#.........# ..#
#.......#.........# #.#
##.....##.........# #.#
#...@5..#.........#
[[###########...(.†>)..>.....(#
#.......#.........[)######.####
#.#####<#..........## #.##
#.#####..)...##...## #..#
.......".....##.#.# ##.#
#.##....#.......#.# #.#
#.#..####....#....#########.#####
#.#.## #....####.........#.)...#


You could see Grinder (extremely poisoned).

Vanquished Creatures
  An ogre (D:4)
  2 orc wizards
  An orc priest (D:4)
  2 gnoll shamans
  A bullfrog skeleton (D:4)
  A worker ant (D:3)
  2 adders
  4 gnolls
  An ooze (D:2)
  A dart slug (D:1)
  6 orcs
  2 giant cockroaches
  2 hobgoblins
  3 jackals
  5 kobolds
  A quokka (D:3)
  A ball python (D:2)
  3 bats
  A frilled lizard (D:1)
  7 goblins
  4 rats
51 creatures vanquished.

Notes
Turn   | Place    | Note
-------+----------+-------------------------------------------
     0 | D:1      | pkoi the Draconian Monk began the quest for the Orb.
     0 | D:1      | Reached XP level 1. HP: 19/19 MP: 1/1
   262 | D:1      | Reached XP level 2. HP: 13/26 MP: 2/2
  1177 | D:2      | Reached skill level 4 in Unarmed Combat
  1281 | D:2      | Reached XP level 3. HP: 31/31 MP: 3/3
  1331 | D:2      | Found a basalt altar of Yredelemnul.
  1464 | D:2      | Found a sparkling altar of Nemelex Xobeh.
  1826 | D:3      | Noticed Grinder
  2147 | D:3      | Paralysed by Grinder for 3 turns
  2158 | D:3      | Paralysed by Grinder for 6 turns
  2286 | D:3      | Reached XP level 4. HP: 29/38 MP: 4/4
  2362 | D:3      | Reached skill level 5 in Unarmed Combat
  2530 | D:4      | Reached XP level 5. HP: 36/45 MP: 5/5
  2617 | D:4      | Noticed an ogre
  2626 | D:4      | Killed an ogre
  2627 | D:4      | Reached skill level 6 in Unarmed Combat
  2802 | D:3      | Reached XP level 6. HP: 28/51 MP: 6/6
  2945 | D:3      | Reached skill level 7 in Unarmed Combat
  3413 | D:3      | Paralysed by Grinder for 2 turns
  3419 | D:3      | HP: 1/51 [Grinder (7)]
  3419 | D:3      | Slain by Grinder

Illustrated notes

Levels and vault maps discovered:
D:1:      matt_arrival_los_fun, layout_basic, minmay_splitting_lines
D:2:      layout_loops_cross, marbit_many_paths, yredelemnul_altar_generic
D:3:      layout_rooms, uniq_grinder
D:4:      layout_basic, zin_statuary, minmay_a_box_with_orc_wizards_in_it

Skill      XL: |  1  2  3  4  5  6 |
---------------+-------------------+-----
Unarmed Combat | 4 5 6 7 |  7.4
Fighting       | |  3.2
Dodging        | |  2.6
Stealth        | |  1.7

Action                   |  1- 3 |  4- 6 || total
-------------------------+-------+-------++-------
Melee: Unarmed           |    43 |       ||    43
       Tailslap          |    14 |    12 ||    26
       Dagger            |    72 |    88 ||   160
       Punch             |       |     3 ||     3
Throw: Dart              |     1 |       ||     1
  Use: Scroll            |     8 |       ||     8
 Stab: Sleeping          |     6 |       ||     6
Armor: Skin              |    38 |    24 ||    62
Dodge: Dodged            |    73 |    63 ||   136

Table legend: (Time is in decaauts)
 A = Elapsed time spent in this place.
 B = Non-inter-level travel time spent in this place.
 C = Inter-level travel time spent in this place.
 D = Time resting spent in this place.
 E = Time spent auto-exploring this place.
 F = Levels seen in this place.
 G = Mean time per level.
                   A        B        C        D        E       F      G
               +--------+--------+--------+--------+--------+-----+--------+
         Total |   3433 |   3274 |    159 |   1321 |   1416 |   4 |  858.2 |
       Dungeon |   3433 |   3274 |    159 |   1321 |   1416 |   4 |  858.2 |
               +--------+--------+--------+--------+--------+-----+--------+

Top non-repeatable levels by time:
     D:2: 1166 daAuts
     D:3: 1068 daAuts
     D:1: 805 daAuts
     D:4: 393 daAuts
